 Dungeon Crawl Stone Soup version 0.26-a0-602-gd42a14c23b (webtiles) character file.

Game seed: 5409919331769394739

1127 ANON1729 the Covert (level 8, -2/48 HPs)
             Began as a Kobold Brigand on Aug 31, 2020.
             Slain by an unseen horror (9 damage)
             ... on level 6 of the Dungeon.
             The game lasted 00:23:09 (6624 turns).

ANON1729 the Covert (Kobold Brigand)                Turns: 6624, Time: 00:23:10

Health: -2/48      AC:  4    Str:  8    XL:     8   Next: 62%
Magic:  8/8        EV: 21    Int: 12    God:
Gold:   227        SH:  0    Dex: 19    Spells: 7/7 levels left

rFire    . . .     SeeInvis .   a - +2 dagger
rCold    . . .     Faith    .   (shield restricted)
rNeg     . . .     Spirit   .   b - +0 robe
rPois    .         Reflect  .   p - +0 helmet
rElec    .         Harm     .   c - +0 cloak
rCorr    .                      (no gloves)
MR       .....                  (no boots)
Stlth    +++++.....             (no amulet)
HPRegen  0.16/turn              x - +4 ring of evasion
MPRegen  0.11/turn              (no ring)

@: no status effects
A: small, nightstalker 3
a: no special abilities


You were on level 6 of the Dungeon.
You visited 1 branch of the dungeon, and saw 6 of its levels.
You also visited: Sewer.

You collected 227 gold pieces.

Inventory:

Hand Weapons
 a - a +2 dagger (weapon)
Missiles
 d - 31 poisoned darts
 e - 2 curare-tipped darts (quivered)
 f - 13 boomerangs
 w - a throwing net
Armour
 b - a +0 robe (worn)
 c - a +0 cloak (worn)
 p - a +0 helmet (worn)
Jewellery
 x - a +4 ring of evasion (left hand)
Wands
 v - a wand of paralysis (3)
Scrolls
 g - 2 scrolls of remove curse {unknown}
 i - 3 scrolls of noise {unknown}
 l - 2 scrolls of fear {unknown}
 m - a scroll of amnesia {unknown}
 n - 2 scrolls of identify {unknown}
 o - a scroll of random uselessness {unknown}
 r - a scroll of magic mapping {unknown}
 s - 3 scrolls of fog
 t - a scroll of enchant weapon {unknown}
 B - a scroll of teleportation {unknown}
Potions
 h - a potion of ambrosia
 j - 2 potions of curing
 k - 3 potions of might {unknown}
 q - 2 potions of stabbing {unknown}
 u - a potion of heal wounds {unknown}
 z - 2 potions of magic {unknown}
 A - 2 potions of brilliance {unknown}


   Skills:
 + Level 4.3 Fighting
 * Level 7.1 Short Blades
 + Level 4.1 Throwing
 + Level 4.1 Dodging
 * Level 8.9 Stealth
 + Level 2.8 Evocations


You had 7 spell levels left.
You didn't know any spells.
Your spell library was empty.

Dungeon Overview and Level Annotations

Branches:
Dungeon (6/15)              Sewer (visited)
 Temple: D:4-7

Altars:

Annotations:
D:2 exclusion: jackal, Sigmund
D:3 2 transporters, Sickboy's ghost, amateur MiFi
D:6 exclusion: 2 killer bees


Innate Abilities, Weirdness & Mutations

You are small and have problems with some larger weapons.
You are completely attuned to the shadows.


Message History

Okay, then.
Evoke which item? (* to show all) (? for menu, Esc to quit)
Aiming: Paralyse
Press: ? - help, Shift-Dir - straight line, f - centaur
Aim: a centaur, wielding a +0 shortbow and quivering 16 arrows (chance to defeat MR: 53%)
The centaur resists with significant effort.
Something closely misses you.
The centaur shoots an arrow.
The arrow misses you.
Evoke which item? (* to show all) (? for menu, Esc to quit)
Aiming: Paralyse
Press: ? - help, Shift-Dir - straight line, f/p - centaur
Aim: a centaur, wielding a +0 shortbow and quivering 15 arrows (chance to defeat MR: 53%)
The centaur resists with significant effort.
Something hits you.
* * * LOW HITPOINT WARNING * * *
Press: ? - help, Dir - move target cursor, p - centaur
As you read the scroll of blinking, it crumbles to dust.
Something hits you but does no damage.
It was a potion of curing.
You feel better. Something hits you!
You die...

####.#..
####.......
#......###
#.##.#.<#
#.##.#.c#
#....#..##
#..#.#...
#.(#(#{###
#c.##@....
#..###?...
#..# ....
..$. ....
##..


You could see a centaur.

Vanquished Creatures
  An ice beast (D:5)
  An ogre (D:5)
  3 phantoms
  A big kobold (Sewer)
  2 orc wizards (D:3)
  A bullfrog zombie (D:5)
  2 orc priests (D:3)
  2 bullfrog skeletons (D:5)
  2 centaur skeletons
  An iguana (D:5)
  3 worker ants
  A hound skeleton (D:5)
  Robin (D:3)
  A gnoll (D:1)
  8 adders
  3 oozes
  An adder skeleton (D:5)
  7 worms
  2 dart slugs
  2 leopard geckos
  9 orcs
  7 bats
  4 giant cockroaches
  14 goblins
  11 hobgoblins
  11 jackals
  3 quokkas
  6 ball pythons
  8 frilled lizards
  A jackal zombie (D:5)
  13 kobolds
  14 rats
146 creatures vanquished.

Vanquished Creatures (others)
  5 withered plants (D:5)
5 creatures vanquished.

Grand Total: 151 creatures vanquished

Notes
Turn   | Place    | Note
-------+----------+-------------------------------------------
     0 | D:1      | ANON1729 the Kobold Brigand began the quest for the Orb.
     0 | D:1      | Reached XP level 1. HP: 12/12 MP: 1/1
   104 | D:1      | Reached XP level 2. HP: 18/18 MP: 2/2
   475 | D:1      | Reached XP level 3. HP: 22/22 MP: 3/3
   874 | D:2      | Noticed Sigmund
  1017 | D:2      | Reached skill level 6 in Stealth
  1017 | D:2      | Reached XP level 4. HP: 23/27 MP: 4/4
  1276 | D:2      | You fall into a shaft and drop 1 floor!
  1298 | D:3      | Found a transporter.
  1807 | D:3      | Found a transporter.
  1913 | D:3      | Noticed Sickboy's ghost (amateur MiFi)
  2005 | D:4      | Reached XP level 5. HP: 26/32 MP: 5/5
  2437 | D:3      | Noticed Robin
  2625 | D:3      | Reached XP level 6. HP: 14/37 MP: 6/6
  3066 | D:3      | Reached skill level 5 in Short Blades
  3104 | D:3      | Killed Robin
  3250 | D:3      | Reached skill level 7 in Stealth
  3880 | D:3      | Found a faded altar of an unknown god.
  4806 | D:4      | Reached XP level 7. HP: 41/41 MP: 7/7
  5196 | D:5      | Entered Level 5 of the Dungeon
  5292 | D:5      | Reached skill level 1 in Evocations
  5409 | D:5      | Reached skill level 8 in Stealth
  5480 | D:5      | Reached XP level 8. HP: 47/48 MP: 8/8
  5733 | D:5      | Found a glowing drain.
  5738 | Sewer    | Entered a sewer
  6622 | D:6      | HP: 1/48 [something (5)]
  6624 | D:6      | Slain by an unseen horror

Illustrated notes

Levels and vault maps discovered:
D:1:      ncdulo_watergridlock, layout_loops_ring
D:2:      layout_rooms, uniq_sigmund
D:3:      layout_loops_ring, chequers_ecumenical_altar_island,
          gammafunk_ghost_stat_death, minmay_box_of_dots, uniq_robin
D:4:      layout_gridville
D:5:      layout_loops_ring, serial_undead, serial_undead_f, serial_undead_b,
          serial_undead_e, serial_undead_f, portal_sewer_entry_e
D:6:      cheibrodos_thug_alley, layout_basic,
          minmay_temple_entry_statues_fountains

Skill      XL: |  1  2  3  4  5  6  7  8 |
---------------+-------------------------+-----
Short Blades   | 3 4 5 6 7 |  7.1
Stealth        | 6 7 8 |  8.9
Dodging        | 2 3 4 |  4.1
Fighting       | 3 4 |  4.3
Throwing       | 3 4 |  4.1
Evocations     | 1 2 |  2.8

Action                   |  1- 3 |  4- 6 |  7- 9 || total
-------------------------+-------+-------+-------++-------
Melee: Dagger            |    44 |   280 |   174 ||   498
Throw: Boomerang         |    30 |    51 |     6 ||    87
       Dart              |     4 |    10 |     1 ||    15
Evoke: Wand              |       |       |     8 ||     8
  Use: Potion            |       |     1 |     1 ||     2
       Scroll            |       |       |     4 ||     4
 Stab: Sleeping          |     9 |    23 |    18 ||    50
       Distracted        |       |     1 |       ||     1
       Paralysed         |       |       |     3 ||     3
Armor: Robe              |     7 |    26 |    10 ||    43
Dodge: Dodged            |    22 |   152 |   105 ||   279

Table legend: (Time is in decaauts)
 A = Elapsed time spent in this place.
 B = Non-inter-level travel time spent in this place.
 C = Inter-level travel time spent in this place.
 D = Time resting spent in this place.
 E = Time spent auto-exploring this place.
 F = Levels seen in this place.
 G = Mean time per level.
                   A        B        C        D        E       F      G
               +--------+--------+--------+--------+--------+-----+--------+
         Total |   6610 |   6369 |    241 |   1938 |   2859 |   7 |  944.3 |
       Dungeon |   6066 |   5825 |    241 |   1838 |   2605 |   6 | 1011.0 |
         Sewer |    544 |    544 |      0 |    100 |    254 |   1 |  544.0 |
               +--------+--------+--------+--------+--------+-----+--------+

Top non-repeatable levels by time:
     D:3: 1907 daAuts
     D:4: 1577 daAuts
     D:5: 892 daAuts
     D:2: 846 daAuts
     D:1: 817 daAuts
   Sewer: 544 daAuts
     D:6: 25 daAuts
